 Dungeon Crawl Stone Soup version 0.17.0-28-g6e173f8 (webtiles) character file.

8533 Ithica the Blocker (level 11, -4/95 HPs)
             Began as a Minotaur Fighter on Nov 24, 2015.
             Was an Elder of Okawaru.
             Slain by a blue devil (11 damage)
             ... on level 1 of the Abyss.
             The game lasted 01:20:28 (18576 turns).

Ithica the Blocker (Minotaur Fighter)              Turns: 18576, Time: 01:20:28

Health: -4/95      AC: 28    Str: 27    XL:     11   Next: 11%
Magic:  10/10      EV: 10    Int:  5    God:    Okawaru [****..]
Gold:   1338       SH: 13    Dex: 10    Spells: 0 memorised, 10 levels left

rFire  . . .     SeeInvis .     M - +2 flail (protect)
rCold  + . .     Clarity  .     Z - +2 plate armour {rC+}
rNeg   . . .     SustAt   .     p - +0 shield
rPois  .         Gourm    .     (helmet restricted)
rElec  .         Spirit   .     l - +2 cloak
rCorr  .         Warding  .     (no gloves)
rMut   .         Stasis   .     d - +2 pair of boots
MR     .....                    H - amulet of faith
Stlth  ..........               W - +3 ring of strength
                                k - ring of flight

@: about to teleport, non-regenerating, diseased, not resistant to hostile
enchantments, extremely unstealthy
A: retaliatory headbutt, horns 2
a: Heroism, Renounce Religion, Evoke Flight


You were on level 1 of the Abyss.
You worshipped Okawaru.
Okawaru was greatly pleased with you.
You were not hungry.

You visited 3 branches of the dungeon, and saw 15 of its levels.
You visited the Abyss 1 time.

You collected 1338 gold pieces.

Inventory:

Hand Weapons
 n - a +0 great mace of distortion
 M - a +2 flail of protection (weapon)
Missiles
 a - 23 tomahawks (quivered)
Armour
 b - a +0 scale mail
 c - a +0 shield
 d - a +2 pair of boots (worn)
 l - a +2 cloak (worn)
 m - a +0 robe of fire resistance
 p - a +0 shield (worn)
 q - a +0 scale mail
 I - a +0 cloak
 K - a +0 helmet
 Y - a +1 ring mail of fire resistance
 Z - a +2 plate armour of cold resistance (worn)
Jewellery
 h - an uncursed amulet of stasis
 k - a ring of flight (left hand)
 o - an uncursed ring of teleportation
 s - an uncursed ring of protection from magic
 H - an amulet of faith (around neck)
 W - a +3 ring of strength (right hand)
Wands
 g - a wand of fire (0)
 D - a wand of random effects (16)
 Q - a wand of confusion (15)
 U - a wand of magic darts (32)
Scrolls
 f - a scroll of teleportation
 j - a scroll of amnesia
 t - a scroll of immolation
 u - 5 scrolls of remove curse
 w - a scroll of random uselessness
 y - 3 scrolls of magic mapping
 z - 2 scrolls of fog
 F - 2 scrolls of enchant weapon
 L - 2 scrolls of enchant armour
 P - a scroll of identify
Potions
 i - a potion of resistance {unknown}
 x - a potion of experience {unknown}
 C - a potion of lignification
 E - a potion of flight
 S - 3 potions of might
 T - a potion of agility {unknown}
Comestibles
 e - 3 bread rations


   Skills:
 + Level 8.4 Fighting
   Level 4.8 Long Blades
 + Level 7.7 Maces & Flails
 + Level 9.7 Armour
 + Level 8.2 Dodging
 + Level 0.6 Stealth
 + Level 11.6 Shields
 + Level 0.8 Evocations


You had 10 spell levels left.
You didn't know any spells.

Dungeon Overview and Level Annotations

Branches:
Dungeon (10/15)            Temple (1/1) D:7             Orc (4/4) D:10
   Lair: D:8-11         Elf: Orc:3-4

Altars:
Cheibriados
Fedhas
Kikubaaqudgha
Makhleb
Nemelex Xobeh
Okawaru
Sif Muna
Trog
Xom
Yredelemnul
Zin
The Shining One

Shops:
D:7 :   D:9 (

Annotations:
D:4 Clownie's ghost, novice OpBe


Innate Abilities, Weirdness & Mutations

You reflexively headbutt those who attack you in melee.
You have a pair of horns on your head.


Message History

You block the ancient zyme's attack.
The ancient zyme hits you but does no damage.
You thump the ancient zyme!
You destroy the ancient zyme!
You start resting.
An insubstantial wisp comes into view.
You start resting.
A blue devil comes into view.
A blue devil is nearby!
As you read the scroll of teleportation, it crumbles to dust.
You feel strangely unstable.
You feel the power of the Abyss delaying your translocation!
The blue devil hits you but does no damage.
The blue devil hits you.
* * * LOW HITPOINT WARNING * * *
The blue devil swoops through the air toward you!
You block the blue devil's attack.
The blue devil swoops through the air toward you!
The blue devil hits you!
You die...

.# ...## ##.## ..
#.. #..###...##
##. #
##..##...#.....##
...... .........#
# .....#.
#.....#......
.ยง#
.###...###....
#### ##.## ....
##...## ..
#..@..#
#.....4.......
#...#.....#....
#..###...##....
#.# ##.## ... ##
... .. ... ...


You could see a blue devil.

Vanquished Creatures
  An orc knight (Orc:1)
  An ancient zyme (Abyss:1)
  A troll (Orc:1)
  A two-headed ogre (D:8)
  A wyvern (D:10)
  A hungry ghost (D:8)
  3 wargs
  A large abomination (Abyss:1)
  A hippogriff (D:8)
  A black bear (D:8)
  3 necrophages (D:9)
  6 ogres
  A phantom (D:5)
  3 sky beasts
  10 orc warriors
  4 centaurs
  A gnoll sergeant (D:6)
  5 giant frogs
  2 scorpions
  A water moccasin zombie (D:7)
  A wyvern zombie (D:9)
  A water moccasin skeleton (D:7)
  3 killer bees (D:8)
  9 wights
  A centaur zombie (D:7)
  2 quasits
  4 crimson imps
  A jelly (D:9)
  2 giant frog skeletons (D:8)
  7 hounds
  15 orc priests
  5 iguanas
  An iron imp (D:5)
  10 worker ants
  5 gnoll shamans (D:6)
  22 orc wizards
  3 hound zombies
  3 hound skeletons
  3 worker ant zombies
  14 adders
  30 gnolls
  An ooze (D:5)
  An adder skeleton (D:4)
  7 worms
  116 orcs
  2 ball pythons
  4 giant cockroaches
  5 goblins
  9 hobgoblins
  24 jackals
  6 quokkas
  6 bats
  4 giant geckos
  A giant gecko zombie (D:9)
  A giant newt (D:5)
  4 kobolds
  A quokka skeleton (D:5)
  7 rats
389 creatures vanquished.

Vanquished Creatures (others)
  2 bushes (D:9)
  11 plants (D:9)
  5 starspawn tentacles (Abyss:1)
  193 starspawn tentacle segments (Abyss:1)
211 creatures vanquished.

Grand Total: 600 creatures vanquished

Notes
Turn   | Place    | Note
--------------------------------------------------------------
     0 | D:1      | Ithica the Minotaur Fighter began the quest for the Orb.
     0 | D:1      | Reached XP level 1. HP: 19/19 MP: 0/0
   172 | D:1      | Reached skill level 4 in Shields
   235 | D:1      | Reached XP level 2. HP: 17/27 MP: 1/1
   627 | D:2      | Reached XP level 3. HP: 8/33 MP: 2/2
  1267 | D:2      | Reached XP level 4. HP: 40/40 MP: 3/3
  1546 | D:2      | Reached skill level 5 in Shields
  1688 | D:2      | Reached skill level 1 in Dodging
  1984 | D:3      | Noticed a giant frog
  1988 | D:3      | Killed a giant frog
  1988 | D:3      | Reached XP level 5. HP: 34/46 MP: 4/4
  2198 | D:3      | Reached skill level 5 in Armour
  2825 | D:4      | Reached XP level 6. HP: 49/52 MP: 5/5
  3081 | D:4      | Found an ancient bone altar of Kikubaaqudgha.
  3459 | D:5      | Entered Level 5 of the Dungeon
  3492 | D:5      | Reached skill level 6 in Shields
  3594 | D:5      | Found a snail-covered altar of Cheibriados.
  3605 | D:5      | Found a shimmering altar of Xom.
  3693 | D:4      | Noticed Clownie's ghost (novice OpBe)
  4057 | D:5      | Reached XP level 7. HP: 59/59 MP: 6/6
  4705 | D:5      | Reached skill level 1 in Maces & Flails
  4705 | D:5      | Reached XP level 8. HP: 46/67 MP: 7/7
  5505 | D:6      | Reached skill level 5 in Fighting
  5514 | D:6      | Reached skill level 7 in Shields
  5810 | D:6      | Reached skill level 5 in Dodging
  6654 | D:6      | Reached skill level 8 in Shields
  8496 | D:6      | Reached XP level 9. HP: 64/75 MP: 8/8
 10161 | D:6      | Found a burning altar of Makhleb.
 10388 | D:6      | Found a bloodstained altar of Trog.
 11211 | D:7      | Found a staircase to the Ecumenical Temple.
 11217 | Temple   | Entered the Ecumenical Temple
 11247 | Temple   | Became a worshipper of Warmaster Okawaru
 11310 | D:7      | Found Camm's Book Emporium.
 11582 | D:8      | Reached skill level 9 in Shields
 11671 | D:8      | Reached * piety under Okawaru
 12066 | D:8      | Reached ** piety under Okawaru
 12191 | D:8      | Reached skill level 5 in Maces & Flails
 12441 | D:8      | Reached XP level 10. HP: 84/84 MP: 9/9
 13049 | D:9      | Found Lets's Antique Weapon Shoppe.
 13358 | D:9      | Reached skill level 10 in Shields
 13600 | D:9      | Found a blossoming altar of Fedhas.
 13691 | D:9      | Found a sparkling altar of Nemelex Xobeh.
 13765 | D:9      | Reached *** piety under Okawaru
 14086 | D:9      | Found a deep blue altar of Sif Muna.
 14276 | D:10     | Entered Level 10 of the Dungeon
 14626 | D:10     | Found a staircase to the Orcish Mines.
 14676 | Orc:1    | Entered Level 1 of the Orcish Mines
 14682 | Orc:1    | Noticed an orc knight
 15026 | Orc:1    | Reached **** piety under Okawaru
 16181 | Orc:2    | Reached skill level 11 in Shields
 16933 | Orc:1    | Killed an orc knight
 16946 | Orc:1    | Reached XP level 11. HP: 72/95 MP: 10/10
 18138 | Orc:4    | Entered Level 4 of the Orcish Mines
 18152 | Orc:4    | Cast into the Abyss (orc)
 18340 | Abyss:1  | Noticed a tentacled starspawn
 18347 | Abyss:1  | Noticed a tentacled starspawn
 18353 | Abyss:1  | HP: 3/95 [tentacled starspawn (3)]
 18576 | Abyss:1  | Slain by a blue devil

Action                   |  1- 3 |  4- 6 |  7- 9 | 10-12 || total
-------------------------+-------+-------+-------+-------++-------
Melee: Long sword        |    58 |   197 |    18 |       ||   273
       Flail             |       |       |   486 |   487 ||   973
Invok: Heroism           |       |       |       |     1 ||     1
 Abil: Stop Flying       |       |       |     6 |       ||     6
       Evoke Flight      |       |       |     6 |       ||     6
Evoke: Wand              |       |       |       |     6 ||     6
  Use: Scroll            |     2 |     3 |       |    13 ||    18
       Potion            |     1 |     2 |     1 |     7 ||    11
  Eat: Chunk             |     1 |     2 |     3 |     5 ||    11
       Pizza             |       |     1 |     3 |       ||     4
       Beef jerky        |       |     1 |     2 |       ||     3
       Bread ration      |       |     1 |     1 |     3 ||     5
       Fruit             |       |       |     6 |     5 ||    11
       Meat ration       |       |       |     3 |       ||     3
